 Dungeon Crawl Stone Soup version 0.31-a0-675-g238779eb0a (webtiles) character file.

Game seed: 3586499895925939228

10161 qw the Skirmisher (level 11, -17/79 HPs)
             Began as a Gargoyle Hunter on Sept 5, 2023.
             Was a Priest of Okawaru.
             Killed from afar by an oklob plant (31 damage)
             ... with a splash of acid
             ... on level 1 of the Lair of Beasts.
             The game lasted 00:05:18 (9634 turns).

qw the Skirmisher (Gargoyle Hunter)                 Turns: 9634, Time: 00:05:18

Health: -17/79     AC:  7    Str: 14    XL:     11   Next: 57%
Magic:  13/14      EV: 22    Int: 11    God:    Okawaru [***...]
Gold:   373        SH:  0    Dex: 17    Spells: 10/10 levels left

rFire   . . .        Y - +0 orcbow
rCold   . . .        (shield currently unavailable)
rNeg    + . .        (no body armour)
rPois   inf          (no helmet)
rElec   +            (no cloak)
rCorr   .            b - +1 pair of gloves
SInv    +            i - +2 pair of boots
Will    .....        (no amulet)
Stlth   +++          d - ring of see invisible
HPRegen 0.33/turn    o - +5 ring of evasion
MPRegen 0.14/turn

%: no passive effects
@: heroic, corroded
A: sickness immunity, AC +8, negative energy resistance 1, electricity
resistance, torment resistance 1, petrification resistance, hooves 1, iridescent
scales 1, robust 1
a: Renounce Religion, Heroism


You were on level 1 of the Lair of Beasts.
You worshipped Okawaru.
Okawaru was most pleased with you.
You visited 3 branches of the dungeon, and saw 12 of its levels.

You collected 725 gold pieces.
You spent 352 gold pieces at shops.


Innate Abilities, Weirdness & Mutations

You are immune to sickness and miasma.
Your stone body is resilient. (AC +8)
You are immune to poison.
You resist negative energy. (rN+)
You are resistant to electric shocks. (rElec)
You are resistant to unholy torment.
You are immune to petrification.
You have large cloven feet.
You are partially covered in iridescent scales. (AC +2)
You are robust. (+10% HP)


   Skills:
 - Level 10.0(15.0) Fighting
 + Level 14.5(19.5) Ranged Weapons
 - Level 3.0(8.0) Armour
 - Level 4.0(9.0) Dodging
 - Level 1.1(6.1) Stealth
 - Level 4.0 Invocations


You had 10 spell levels left.
You didn't know any spells.
Your spell library was empty.

Inventory:

Hand Weapons
 Y - a +0 orcbow (weapon)
Armour
 b - a +1 pair of gloves (worn)
 e - a +0 troll leather armour
 i - a +2 pair of boots (worn)
 k - +0 steam dragon scales
 m - a +1 leather armour of fire resistance
 n - a +1 robe of cold resistance
Jewellery
 d - a ring of see invisible (left hand)
 o - a +5 ring of evasion (right hand)
Scrolls
 a - 4 scrolls of teleportation
 h - 11 scrolls of identify
Potions
 c - 2 potions of enlightenment
 f - 2 potions of resistance
 g - a potion of mutation
 j - 2 potions of heal wounds
 l - a potion of might

Dungeon Overview and Level Annotations

Branches:
Dungeon (10/15)            Temple (1/1) D:6            Lair (1/5) D:10
    Orc (0/2) D:10

Altars:
Ashenzari
Cheibriados
Dithmenos
Elyvilon
Fedhas
Gozag
Hepliaklqana
Kikubaaqudgha
Makhleb
Nemelex Xobeh
Okawaru
Qazlal
Ru
Sif Muna
Trog
Uskayaw
Vehumet
Wu Jian
Xom
Yredelemnul
Zin
The Shining One

Shops:
D:7 ?

Annotations:
D:7 1 runed translucent door, Crazy Yiuf
Lair:1 exclusion: oklob plant


Message History

Enter note:
Enter note:
Enter note:
Enter note:
Enter note:
Enter note:
Enter note:
Enter note:
Enter note:
Enter note:
Enter note:
Enter note:
Enter note:
Enter note:
Enter note:
Enter note:
Enter note:
Enter note:
Enter note:
Enter note:
Enter note:
9626 ||| UPGRADING to +0 troll leather armour.
You start removing your armour.
You continue taking off your +1 leather armour of fire resistance. x4
You finish taking off your +1 leather armour of fire resistance.
You feel less resistant to fire.
You start putting on your armour.
You continue putting on your +0 troll leather armour.
The oklob plant spits acid at you. The splash of acid hits you!
You continue putting on your +0 troll leather armour.
The oklob plant spits acid at you. The splash of acid hits you!
The acid corrodes you!
You continue putting on your +0 troll leather armour.
The oklob plant spits acid at you. The splash of acid misses you.
You continue putting on your +0 troll leather armour.
The oklob plant spits acid at you. The splash of acid hits you!!
You die...

.....................## #
......................#### ###
.....#...............###.######.#
.....#....................##.#...
....##...................##.#....
##......##...........!...........
##.##..######.###.#..............
#..##..# ########..............
##..|### #!(.P@#...............
##....# #[.$##.#..............
.....P#### #P. ###..............
......#..# ## #..............
.........# #####..........
....P...## ###..........
........## ###P#..........
.........# #..............
.........## ###............


You could see an oklob plant.

Vanquished Creatures
  A two-headed ogre (D:9)
  Nergalle (D:10)
  A deep troll (Lair:1)
  Joseph (D:9)
  Maggie (D:8)
  A komodo dragon (Lair:1)
  A hornet (D:9)
  14 yaks
  A wraith (D:10)
  A basilisk (Lair:1)
  A wyvern (D:9)
  5 water moccasins
  2 orc warriors
  2 sky beasts
  3 black bears (D:7)
  4 ogres
  3 centaurs
  A phantom (D:5)
  2 kobold brigands
  8 bullfrogs
  A gnoll sergeant (D:6)
  3 scorpions (D:5)
  13 wights
  15 killer bees
  4 howler monkeys
  3 gnoll boudas
  2 jellies (D:8)
  3 orc priests (D:9)
  7 hounds
  An iguana (D:4)
  A sleepcap (D:5)
  4 orc wizards
  Terence (D:3)
  A mummy (D:5)
  16 gnolls
  7 adders
  2 river rats (D:5)
  An ufetubus (D:5)
  A dart slug (D:1)
  28 orcs
  9 ball pythons
  5 bats
  4 endoplasms
  5 giant cockroaches
  9 goblins
  10 hobgoblins
  4 jackals
  3 quokkas
  6 frilled lizards
  2 goblin zombies (D:5)
  17 kobolds
  6 rats
248 creatures vanquished.

Notes
Turn   | Place    | Note
-------+----------+-------------------------------------------
     0 | D:1      | qw the Gargoyle Hunter began the quest for the Orb.
     0 | D:1      | Reached XP level 1. HP: 12/12 MP: 1/1
     0 | D:1      | 0 ||| qw: Version: 0.3-a-75-g829b12e
     0 | D:1      | 0 ||| qw: Game counter: 110
     0 | D:1      | 0 ||| qw: Melee chars always use a shield: true
     0 | D:1      | 0 ||| qw: God list: Okawaru
     0 | D:1      | 0 ||| qw: Allow faded altars: false
     0 | D:1      | 0 ||| qw: Do Orc after clearing Dungeon:15 true
     0 | D:1      | 0 ||| qw: Do second Lair branch before Depths: true
     0 | D:1      | 0 ||| qw: Lair rune preference: random
     0 | D:1      | 0 ||| qw: Goals: Normal
     0 | D:1      | 0 ||| PLANNING D:1-11
   205 | D:1      | Reached XP level 2. HP: 17/17 MP: 2/2
   356 | D:1      | Reached XP level 3. HP: 20/21 MP: 3/3
   417 | D:1      | Reached skill level 5 in Ranged Weapons
   522 | D:1      | 522 ||| UPGRADING to amulet of guardian spirit.
   527 | D:1      | 527 ||| UPGRADING to ring of see invisible.
   528 | D:1      | 528 ||| READING scroll labelled DUVVUHEOD.
   529 | D:1      | 529 ||| READING scroll labelled COIPAESEWK.
   530 | D:1      | 530 ||| READING scroll labelled ZUOSTU UCEREXE.
   531 | D:1      | 531 ||| DROPPING scroll of butterflies.
   613 | D:2      | 613 ||| FLEEEEING.
   614 | D:2      | 614 ||| FLEEEEING.
   615 | D:2      | 615 ||| FLEEEEING.
   616 | D:2      | 616 ||| FLEEEEING.
  1164 | D:2      | 1164 ||| UPGRADING to +0 pair of boots.
  1169 | D:2      | 1169 ||| UPGRADING to +1 leather armour of fire resistance.
  1179 | D:2      | 1179 ||| DROPPING +0 leather armour.
  1180 | D:2      | 1180 ||| UPGRADING to +5 ring of evasion.
  1181 | D:2      | 1181 ||| READING scroll labelled OMIVOTHRUSATEKO.
  1182 | D:2      | 1182 ||| READING scroll labelled LITRUC KUCW.
  1183 | D:2      | 1183 ||| READING scroll labelled GUBASHR VAHOZA.
  1184 | D:2      | 1184 ||| READING 3 scrolls labelled SOCROMPEEMA.
  1185 | D:2      | 1185 ||| READING 2 scrolls of enchant armour.
  1185 | D:2      | 1185 ||| ENCHANTING +0 pair of boots.
  1186 | D:2      | 1186 ||| READING scroll of enchant armour.
  1186 | D:2      | 1186 ||| ENCHANTING +1 pair of boots.
  1187 | D:2      | 1187 ||| READING 2 scrolls of identify.
  1187 | D:2      | 1187 ||| IDENTIFYING fizzy white potion
  1188 | D:2      | 1188 ||| DROPPING potion of degeneration.
  1230 | D:3      | Reached skill level 3 in Fighting
  1339 | D:3      | Reached XP level 4. HP: 28/28 MP: 4/4
  1440 | D:3      | Noticed Terence
  1467 | D:3      | Killed Terence
  1530 | D:3      | Found a faded altar of an unknown god.
  1837 | D:3      | 1837 ||| DROPPING ring of magical power.
  1838 | D:3      | 1838 ||| DRINKING 2 dark potions.
  1838 | D:3      | Gained mutation: You occasionally lose the ability to read
                  | scrolls when taking damage. [potion of mutation]
  1839 | D:3      | 1839 ||| DRINKING potion of mutation.
  1839 | D:3      | Lost mutation: You occasionally lose the ability to read
                  | scrolls when taking damage. [potion of mutation]
  1839 | D:3      | Gained mutation: You are robust. (+10% HP) [potion of
                  | mutation]
  1839 | D:3      | Gained mutation: You have large cloven feet. [potion of
                  | mutation]
  1839 | D:3      | Gained mutation: You are partially covered in iridescent
                  | scales. (AC +2) [potion of mutation]
  1845 | D:3      | 1845 ||| READING 3 scrolls of identify.
  1845 | D:3      | 1845 ||| IDENTIFYING inky potion
  1846 | D:3      | 1846 ||| READING 2 scrolls of identify.
  1846 | D:3      | 1846 ||| IDENTIFYING lumpy sapphire potion
  1889 | D:4      | Reached XP level 5. HP: 31/35 MP: 5/5
  2043 | D:4      | Reached skill level 6 in Ranged Weapons
  2297 | D:4      | Reached skill level 1 in Armour
  2301 | D:4      | 2301 ||| RETREATING.
  2306 | D:4      | 2306 ||| Stepping ~*~*~tactically~*~*~ (outnumbered).
  2319 | D:4      | 2319 ||| FLEEEEING.
  2320 | D:4      | 2320 ||| FLEEEEING.
  2464 | D:4      | Reached XP level 6. HP: 41/41 MP: 6/6
  2592 | D:4      | 2592 ||| DROPPING ring of flight.
  2593 | D:4      | 2593 ||| READING 3 scrolls labelled JUL DEPLIO.
  2594 | D:4      | 2594 ||| READING scroll labelled ERCHAM JEICHUY.
  2595 | D:4      | 2595 ||| DROPPING 2 scrolls of noise.
  2620 | D:5      | Entered Level 5 of the Dungeon
  2621 | D:5      | 2621 ||| PLANNING SEWER
  2625 | D:5      | Reached skill level 7 in Ranged Weapons
  2693 | D:5      | Reached XP level 7. HP: 43/47 MP: 5/7
  2830 | D:5      | You fall into a shaft and drop 2 floors!
  2832 | D:7      | 2832 ||| Stepping ~*~*~tactically~*~*~ (outnumbered).
  2834 | D:7      | 2834 ||| Stepping ~*~*~tactically~*~*~ (outnumbered).
  2875 | D:7      | Reached skill level 8 in Ranged Weapons
  2910 | D:7      | Found a bloodstained altar of Trog.
  3060 | D:7      | 3060 ||| READING scroll labelled GADIRH JIOKAS.
  3063 | D:7      | 3063 ||| READING 2 scrolls of identify.
  3063 | D:7      | 3063 ||| IDENTIFYING emerald potion
  3064 | D:7      | 3064 ||| DROPPING potion of berserk rage.
  3118 | D:6      | Reached XP level 8. HP: 55/55 MP: 6/8
  3184 | D:6      | Reached skill level 9 in Ranged Weapons
  3356 | D:6      | Reached skill level 6 in Fighting
  3357 | D:6      | Found a staircase to the Ecumenical Temple.
  3594 | D:6      | 3594 ||| RIP SEWER
  3594 | D:6      | 3594 ||| RIP OSSUARY
  3594 | D:6      | 3594 ||| PLANNING TEMPLE
  3594 | D:6      | 3594 ||| UPGRADING to +0 pair of gloves.
  3599 | D:6      | 3599 ||| DRINKING 2 orange potions.
  3600 | D:6      | 3600 ||| DRINKING 2 red potions.
  3619 | Temple   | Entered the Ecumenical Temple
  3620 | Temple   | 3620 ||| PLANNING OKAWARU WORSHIP
  3626 | Temple   | Became a worshipper of Warmaster Okawaru
  3627 | Temple   | 3627 ||| PLANNING D:1-11
  3627 | Temple   | 3627 ||| REMOVING amulet of guardian spirit.
  3632 | Temple   | 3632 ||| DROPPING amulet of guardian spirit.
  3654 | D:5      | 3654 ||| PLANNING SEWER
  3865 | D:5      | Reached skill level 10 in Ranged Weapons
  3965 | D:5      | HP: 10/56 [ogre/+0 giant club (15)]
  4151 | D:5      | Reached XP level 9. HP: 61/61 MP: 9/9
  4409 | D:5      | 4409 ||| DRINKING 2 bubbling green potions.
  4410 | D:5      | 4410 ||| READING 2 scrolls of identify.
  4410 | D:5      | 4410 ||| IDENTIFYING brown potion
  4411 | D:5      | 4411 ||| DROPPING potion of lignification.
  4412 | D:5      | 4412 ||| DROPPING potion of brilliance.
  4455 | D:4      | 4455 ||| RIP SEWER
  4455 | D:4      | 4455 ||| RIP OSSUARY
  4455 | D:4      | 4455 ||| PLANNING D:1-11
  4510 | D:6      | Reached skill level 3 in Dodging
  4713 | D:6      | Found a faded altar of an unknown god.
  4713 | D:6      | Found a sacrificial altar of Ru.
  4722 | D:6      | Found a faded altar of an unknown god.
  4724 | D:6      | Found a glowing silver altar of Zin.
  4726 | D:6      | Found an ancient bone altar of Kikubaaqudgha.
  4765 | D:6      | 4765 ||| DRINKING 2 pink potions.
  4766 | D:6      | 4766 ||| READING 2 scrolls of identify.
  4766 | D:6      | 4766 ||| IDENTIFYING bubbling white potion
  4767 | D:6      | 4767 ||| DROPPING potion of attraction.
  4854 | D:7      | Found Lemimyro's Magic Scroll Shoppe.
  4857 | D:7      | 4857 ||| BUYING scroll of enchant armour (120 gold).
  4857 | D:7      | Bought a scroll of enchant armour for 120 gold pieces
  4857 | D:7      | 4857 ||| BUYING scroll of enchant weapon (120 gold).
  4857 | D:7      | Bought a scroll of enchant weapon for 120 gold pieces
  4857 | D:7      | 4857 ||| BUYING scroll of identify (32 gold).
  4857 | D:7      | Bought a scroll of identify for 32 gold pieces
  4857 | D:7      | 4857 ||| BUYING scroll of identify (32 gold).
  4857 | D:7      | Bought a scroll of identify for 32 gold pieces
  4857 | D:7      | 4857 ||| BUYING scroll of teleportation (48 gold).
  4857 | D:7      | Bought a scroll of teleportation for 48 gold pieces
  4857 | D:7      | 4857 ||| SHOPLISTING scroll of teleportation (48 gold, have
                  | 43).
  4857 | D:7      | 4857 ||| READING scroll of enchant armour.
  4857 | D:7      | 4857 ||| ENCHANTING +0 pair of gloves.
  4858 | D:7      | 4858 ||| READING scroll of enchant weapon.
  4858 | D:7      | 4858 ||| ENCHANTING +1 shortbow.
  4950 | D:7      | Reached * piety under Okawaru
  4960 | D:7      | Reached skill level 1 in Invocations
  5056 | D:7      | Found a runed translucent door.
  5057 | D:7      | Noticed Crazy Yiuf
  5094 | D:7      | 5094 ||| SWAPPING to +0 orcbow.
  5095 | D:7      | 5095 ||| DROPPING +2 shortbow.
  5500 | D:7      | 5500 ||| DRINKING 2 fizzy black potions.
  5501 | D:7      | 5501 ||| DRINKING potion of curing.
  5501 | D:7      | 5501 ||| (to cure confusion)
  5502 | D:7      | 5502 ||| DROPPING potion of ambrosia.
  5555 | D:8      | 5555 ||| Stepping ~*~*~tactically~*~*~ (outnumbered).
  5556 | D:8      | 5556 ||| Stepping ~*~*~tactically~*~*~ (outnumbered).
  5597 | D:8      | 5597 ||| INVOKING Heroism.
  5647 | D:8      | 5647 ||| RETREATING.
  5647 | D:8      | Found the +8 trident of the Octopus King {venom, rElec
                  | rPois}
  5656 | D:8      | 5656 ||| RETREATING.
  5657 | D:8      | 5657 ||| Stepping ~*~*~tactically~*~*~ (retreating).
  5658 | D:8      | 5658 ||| Stepping ~*~*~tactically~*~*~ (retreating).
  5659 | D:8      | 5659 ||| Stepping ~*~*~tactically~*~*~ (retreating).
  5663 | D:8      | 5663 ||| Stepping ~*~*~tactically~*~*~ (retreating).
  5672 | D:8      | Reached skill level 3 in Invocations
  5692 | D:8      | Reached ** piety under Okawaru
  5693 | D:8      | Reached skill level 11 in Ranged Weapons
  5694 | D:8      | 5694 ||| INVOKING Heroism.
  5722 | D:8      | Reached XP level 10. HP: 37/70 MP: 13/13
  5773 | D:8      | 5773 ||| FLEEEEING.
  5774 | D:8      | 5774 ||| FLEEEEING.
  5775 | D:8      | 5775 ||| FLEEEEING.
  5776 | D:8      | 5776 ||| FLEEEEING.
  5777 | D:8      | 5777 ||| FLEEEEING.
  5778 | D:8      | 5778 ||| FLEEEEING.
  5779 | D:8      | 5779 ||| FLEEEEING.
  5780 | D:8      | 5780 ||| FLEEEEING.
  5781 | D:8      | 5781 ||| FLEEEEING.
  5782 | D:8      | 5782 ||| FLEEEEING.
  5786 | D:8      | 5786 ||| FLEEEEING.
  5787 | D:8      | 5787 ||| FLEEEEING.
  5788 | D:8      | 5788 ||| FLEEEEING.
  5789 | D:8      | 5789 ||| FLEEEEING.
  5790 | D:8      | 5790 ||| FLEEEEING.
  5791 | D:8      | 5791 ||| FLEEEEING.
  5792 | D:8      | 5792 ||| FLEEEEING.
  5793 | D:8      | 5793 ||| STAIRDANCE
  5934 | D:8      | Noticed Maggie
  5936 | D:8      | Paralysed by Maggie for 5 turns
  5942 | D:8      | 5942 ||| INVOKING Heroism.
  5957 | D:8      | 5957 ||| INVOKING Heroism.
  5963 | D:8      | Killed Maggie
  6149 | D:8      | 6149 ||| Stepping ~*~*~tactically~*~*~ (retreating).
  6154 | D:8      | 6154 ||| Stepping ~*~*~tactically~*~*~ (retreating).
  6155 | D:8      | 6155 ||| Stepping ~*~*~tactically~*~*~ (retreating).
  6156 | D:8      | 6156 ||| Stepping ~*~*~tactically~*~*~ (retreating).
  6157 | D:8      | 6157 ||| Stepping ~*~*~tactically~*~*~ (retreating).
  6158 | D:8      | 6158 ||| Stepping ~*~*~tactically~*~*~ (retreating).
  6168 | D:8      | 6168 ||| INVOKING Heroism.
  6182 | D:8      | Reached skill level 12 in Ranged Weapons
  6295 | D:8      | 6295 ||| INVOKING Heroism.
  6332 | D:8      | 6332 ||| INVOKING Heroism.
  6354 | D:8      | Found a faded altar of an unknown god.
  6357 | D:8      | Found a faded altar of an unknown god.
  6359 | D:8      | Found a hazy altar of Hepliaklqana.
  6695 | D:9      | Found an ornate altar of the Wu Jian Council.
  6812 | D:9      | Noticed a two-headed ogre
  6814 | D:9      | 6814 ||| INVOKING Heroism.
  6828 | D:9      | Killed a two-headed ogre
  7045 | D:9      | 7045 ||| RETREATING.
  7052 | D:9      | 7052 ||| Stepping ~*~*~tactically~*~*~ (retreating).
  7071 | D:9      | Reached skill level 13 in Ranged Weapons
  7140 | D:9      | Reached *** piety under Okawaru
  7140 | D:9      | Received a gift from Okawaru
  7216 | D:9      | 7216 ||| FLEEEEING.
  7306 | D:9      | Found a white marble altar of Elyvilon.
  7350 | D:9      | Noticed Joseph
  7354 | D:9      | 7354 ||| FLEEEEING.
  7374 | D:9      | Killed Joseph
  7375 | D:9      | Reached skill level 9 in Fighting
  7720 | D:9      | 7720 ||| READING scroll labelled MAYTAUPRYRPH.
  7745 | D:10     | Entered Level 10 of the Dungeon
  7746 | D:10     | 7746 ||| Stepping ~*~*~tactically~*~*~ (retreating).
  7747 | D:10     | 7747 ||| Stepping ~*~*~tactically~*~*~ (retreating).
  7748 | D:10     | 7748 ||| Stepping ~*~*~tactically~*~*~ (retreating).
  7749 | D:10     | 7749 ||| Stepping ~*~*~tactically~*~*~ (retreating).
  7750 | D:10     | 7750 ||| Stepping ~*~*~tactically~*~*~ (retreating).
  7751 | D:10     | 7751 ||| Stepping ~*~*~tactically~*~*~ (retreating).
  7757 | D:10     | Reached skill level 3 in Armour
  7770 | D:10     | Reached XP level 11. HP: 63/78 MP: 14/14
  7861 | D:10     | Found a basalt altar of Yredelemnul.
  7935 | D:10     | Found a snail-covered altar of Cheibriados.
  8030 | D:10     | 8030 ||| INVOKING Heroism.
  8187 | D:10     | Found a staircase to the Lair.
  8197 | D:10     | 8197 ||| INVOKING Heroism.
  8217 | D:10     | Found a staircase to the Orcish Mines.
  8217 | D:10     | Noticed Nergalle
  8220 | D:10     | 8220 ||| INVOKING Heroism.
  8236 | D:10     | 8236 ||| INVOKING Heroism.
  8240 | D:10     | Killed Nergalle
  8316 | D:10     | 8316 ||| Stepping ~*~*~tactically~*~*~ (retreating).
  8318 | D:10     | 8318 ||| Stepping ~*~*~tactically~*~*~ (retreating).
  8324 | D:10     | 8324 ||| Stepping ~*~*~tactically~*~*~ (retreating).
  8348 | D:10     | Reached skill level 14 in Ranged Weapons
  8348 | D:10     | 8348 ||| FLEEEEING.
  8349 | D:10     | 8349 ||| FLEEEEING.
  8350 | D:10     | 8350 ||| FLEEEEING.
  8351 | D:10     | 8351 ||| FLEEEEING.
  8352 | D:10     | 8352 ||| FLEEEEING.
  8353 | D:10     | 8353 ||| FLEEEEING.
  8354 | D:10     | 8354 ||| FLEEEEING.
  8355 | D:10     | 8355 ||| FLEEEEING.
  8356 | D:10     | 8356 ||| FLEEEEING.
  8371 | D:10     | 8371 ||| INVOKING Heroism.
  8711 | D:10     | 8711 ||| PLANNING LAIR
  8711 | D:10     | 8711 ||| READING scroll labelled LOSMUU MOILOLAARA.
  8712 | D:10     | 8712 ||| READING scroll labelled TEUTWOLEYTI.
  8713 | D:10     | 8713 ||| READING scroll labelled OKONOA MIEVAU.
  8734 | Lair:1   | Entered Level 1 of the Lair of Beasts
  8735 | Lair:1   | 8735 ||| INVOKING Heroism.
  8736 | Lair:1   | 8736 ||| STAIRDANCE
  8752 | Lair:1   | 8752 ||| INVOKING Heroism.
  8769 | Lair:1   | 8769 ||| STAIRDANCE
  9050 | Lair:1   | 9050 ||| RETREATING.
  9092 | Lair:1   | Identified the +1 scale mail of Sin {rN+ Str+2}
  9120 | Lair:1   | Noticed a deep troll
  9121 | Lair:1   | 9121 ||| INVOKING Heroism.
  9129 | Lair:1   | Killed a deep troll
  9621 | Lair:1   | Noticed an oklob plant
  9622 | Lair:1   | 9622 ||| INVOKING Heroism.
  9626 | Lair:1   | 9626 ||| UPGRADING to +0 troll leather armour.
  9632 | Lair:1   | HP: 13/79 [oklob plant/splash of acid (9)]
  9634 | Lair:1   | Killed from afar by an oklob plant

Levels and vault maps discovered:
D:1:      minmay_arrival_doors, layout_rooms, serial_corexii_hall,
          corexii_hall_statues_i, corexii_hall_statues_l
D:2:      layout_loops_ring
D:3:      layout_loops_ring, chequers_ecumenical_altar_simple, uniq_terence
D:4:      layout_basic
D:5:      layout_loops_ring, portal_sewer_entry_a, nicolae_ossuary_entry_giza
D:6:      layout_rooms, chequers_temple_overflow_minitemple,
          minmay_temple_entry_gardened_gates
D:7:      layout_loops_ring, trog_ov_bears_minmay, serial_shops,
          nicolae_shop_behind_doors, uniq_crazy_yiuf_cottage
D:8:      layout_rooms, nicolae_hepliaklqana_ecumenical_no_more,
          minmay_door_square, minmay_diced_spiral, uniq_maggie
D:9:      layout_stronghold, elyvilon_altar_3,
          mainiacjoe_overflow_small_starburst, serial_column_ruins,
          column_ruins_hut_pillars, column_ruins_corridor_straight,
          column_ruins_grid_3, column_ruins_open_small,
          column_ruins_columns_water, column_ruins_corridor_straight,
          column_ruins_open_small, uniq_joseph
D:10:     layout_basic, nicolae_overflow_crystal_walls, cheibriados_altar_1,
          orc_david_3, hex_medium, uniq_nergalle
Temple:   cyrus_circular_temple
Lair:1:   dreamdust_cave_troll, layout_cave_shapes, minmay_lair_oklob_items,
          minivault_25, beast_lair_carwin_3

Skill      XL: |  1  2  3  4  5  6  7  8  9 10 11 |
---------------+----------------------------------+-----
Ranged Weapons | 5 6 7 8 10 11 13 14 | 14.5
Fighting       | 3 4 5 6 8 9 10 | 10.0
Armour         | 1 2 3 |  3.0
Dodging        | 2 3 4 |  4.0
Invocations    | 4 |  4.0
Stealth        | |  1.1

Action                     |  1- 3 |  4- 6 |  7- 9 | 10-12 || total
---------------------------+-------+-------+-------+-------++-------
   Fire: Shortbow          |   164 |   183 |   344 |       ||   691
         Orcbow            |       |       |   107 |   523 ||   630
 Invoke: Heroism           |       |       |     2 |    15 ||    17
    Use: Scroll            |    10 |     4 |     6 |     4 ||    24
         Potion            |       |     2 |     6 |       ||     8
 Armour: Leather armour    |    54 |    46 |   126 |   187 ||   413
         Skin              |       |       |       |     3 ||     3
  Dodge: Dodged            |    62 |    93 |   194 |   334 ||   683

Table legend:
 A = Non-vault XP
 B = Vault XP
 C = Vault XP percentage of total XP
 D = Non-vault monster count
 E = Vault monster count
 F = Vault count percentage of total count
                 A         B        C        D         E       F
            +---------+---------+-------+---------+---------+-------
      Total |   11012 |    3504 |  24.1 |     224 |      24 |   9.7
            +---------+---------+-------+---------+---------+-------
        D:1 |      45 |       0 |   0.0 |      26 |       0 |   0.0
        D:2 |      23 |       0 |   0.0 |      14 |       0 |   0.0
        D:3 |      46 |      32 |  41.0 |      19 |       1 |   5.0
        D:4 |     341 |       0 |   0.0 |      28 |       0 |   0.0
        D:5 |     791 |      50 |   5.9 |      17 |       8 |  32.0
        D:6 |     925 |       0 |   0.0 |      23 |       0 |   0.0
        D:7 |     699 |     249 |  26.3 |      13 |       2 |  13.3
        D:8 |    2453 |     457 |  15.7 |      32 |       2 |   5.9
        D:9 |    2015 |     727 |  26.5 |      24 |       2 |   7.7
       D:10 |    1996 |     909 |  31.3 |      18 |       4 |  18.2
     Lair:1 |    1678 |    1080 |  39.2 |      10 |       5 |  33.3
            +---------+---------+-------+---------+---------+-------
